 Dungeon Crawl Stone Soup version 0.28.0-53-g5a82cb258f (webtiles) character file.

Game seed: 11658176243665369145

13706 issech the Basher (level 11, -3/89 HPs)
             Began as a Minotaur Monk on June 7, 2022.
             Was an Elder of Hepliaklqana.
             Slain by a sixfirhy (12 damage)
             ... on level 2 of the Abyss.
             The game lasted 00:47:59 (11216 turns).

issech the Basher (Minotaur Monk)                  Turns: 11216, Time: 00:48:00

Health: -3/89      AC: 13    Str: 18    XL:     11   Next: 79%
Magic:  10/10      EV: 18    Int:  7    God:    Hepliaklqana [****..]
Gold:   618        SH:  6    Dex: 21    Spells: 10/10 levels left

rFire   . . .      SeeInvis .   g - +4 flail (holy)
rCold   . . .      Faith    .   z - +0 buckler
rNeg    . . .      Spirit   .   r - +0 troll leather armour {Pargi}
rPois   .          Reflect  .   (helmet restricted)
rElec   .          Harm     .   b - +0 cloak
rCorr   .          Rampage  .   X - +0 pair of gloves
Will    .....                   e - +1 pair of boots
Stlth   +++.......              (no amulet)
HPRegen 1.04/turn               M - +4 ring of protection
MPRegen 0.12/turn               B - +6 ring of dexterity

@: no status effects
A: reduced essence, horns 2, retaliatory headbutt
a: Renounce Religion, Recall Ancestor, Ancestor Identity, Transference, Idealise


You were on level 2 of the Abyss.
You worshipped Hepliaklqana.
Hepliaklqana was greatly pleased with you.
You visited 2 branches of the dungeon, and saw 12 of its levels.
You visited the Abyss 1 time.
You also visited: Sewer.

You collected 618 gold pieces.

Inventory:

Hand Weapons
 g - a +4 flail of holy wrath (weapon)
 o - a +1 mace of draining
 J - a +7 club
 R - a +4 falchion
 T - a +3 spear
 V - a +1 vampiric great sword
 W - a +2 vorpal shortbow
Missiles
 h - 357 stones
 i - 71 sling bullets
 l - 112 bolts
 x - 4 boomerangs (quivered)
 H - 174 arrows
 Q - 10 poisoned darts
 U - a throwing net
Armour
 b - a +0 cloak (worn)
 e - a +1 pair of boots (worn)
 r - a +0 troll leather armour (worn) {Pargi}
 z - a +0 buckler (worn)
 F - a +2 robe of willpower
 N - a +0 plate armour
 X - a +0 pair of gloves (worn)
Jewellery
 a - a +4 ring of evasion
 j - a ring of protection from fire
 B - a +6 ring of dexterity (right hand)
 M - a +4 ring of protection (left hand)
 Y - a ring of positive energy
 Z - a +6 ring of intelligence
Wands
 f - a wand of polymorph (7)
 k - a wand of mindburst (26)
 p - a wand of paralysis (8)
 y - a wand of acid (12)
 S - a wand of charming (8)
Scrolls
 c - a scroll of amnesia
 m - 5 scrolls of enchant armour
 n - 2 scrolls of blinking
 q - a scroll of holy word
 s - 6 scrolls of teleportation
 w - 4 scrolls of fear
 A - 3 scrolls of magic mapping {unknown}
 C - a scroll of acquirement {unknown}
 D - 2 scrolls of immolation {unknown}
 E - 2 scrolls of vulnerability {unknown}
 P - 2 scrolls of enchant weapon {unknown}
Potions
 d - 5 potions of haste {unknown}
 t - 5 potions of invisibility {unknown}
 u - 2 potions of heal wounds {unknown}
 v - 3 potions of mutation {unknown}
 G - 2 potions of lignification {unknown}
 I - a potion of berserk rage {unknown}
 K - a potion of attraction {unknown}
 L - 6 potions of curing {unknown}
 O - 2 potions of ambrosia


   Skills:
 + Level 9.8 Fighting
 + Level 4.9(10.3) Axes
 + Level 14.0(14.3) Maces & Flails
 + Level 1.7 Throwing
 + Level 5.8 Armour
 + Level 9.6 Dodging
 + Level 5.6 Stealth
 + Level 6.6 Shields


You had 10 spell levels left.
You didn't know any spells.
Your spell library contained the following spells:

 Spells                   Type           Power      Damage    Failure   Level
 Sting                    Tmut/Pois      0%         1d3       56%         1
 Poisonous Vapours        Pois/Air       0%         N/A       71%         2
 Summon Guardian Golem    Hex/Summ       0%         N/A       90%         3
 Tukima's Dance           Hex            0%         N/A       90%         3
 Olgreb's Toxic Radiance  Pois           0%         N/A       100%        4
 Passage of Golubria      Tloc           0%         N/A       100%        4
 Yara's Violent Unravell  Hex/Tmut       0%         3d3       100%        5
 Orb of Destruction       Conj           0%         9d5       100%        7
 Spellforged Servitor     Conj/Summ      0%         N/A       100%        7


Dungeon Overview and Level Annotations

Branches:
Dungeon (11/15)            Temple (1/1) D:7            Lair (0/6) D:9
  Sewer (visited)
    Orc: D:9-12

Altars:
Ashenzari
Cheibriados
Dithmenos
Elyvilon
Fedhas
Gozag
Hepliaklqana
Kikubaaqudgha
Makhleb
Nemelex Xobeh
Okawaru
Qazlal
Ru
Sif Muna
Trog
Uskayaw
Vehumet
Wu Jian
Xom
Yredelemnul
Zin
The Shining One

Shops:
D:8 :   D:10 (

Annotations:
D:10 2 transporters, Valamore's ghost, journeyman GrEE
D:11 Sonja


Innate Abilities, Weirdness & Mutations

Your life essence is reduced to manifest your ancestor. (-10% HP)
You have a pair of horns on your head.
You reflexively headbutt those who attack you in melee.


Message History

The thrashing horror tramples you but does no damage.
You block the thrashing horror's attack.
The thrashing horror tramples you but does no damage.
You hit the thrashing horror.
You destroy the thrashing horror!
That felt strangely unrewarding.
A small abomination comes into view.
You enter the shallow water.
Moving in this stuff is going to be slow.
The small abomination barely misses you.
You block the small abomination's attack.
The small abomination hits you!
* * * LOW HITPOINT WARNING * * *
The small abomination barely misses you.
You furiously retaliate!
You headbutt the small abomination.
You enter the shallow water.
Moving in this stuff is going to be slow.
The small abomination barely misses you.
You block the small abomination's attack.
A small abomination comes into view.
You enter the shallow water.
Moving in this stuff is going to be slow.
The small abomination closely misses you.
You block the small abomination's attack.
You enter the shallow water.
Moving in this stuff is going to be slow.
You feel your health improve. The small abomination misses you.
A sixfirhy comes into view.
You block the small abomination's attack.
The small abomination hits you.
* * * LOW HITPOINT WARNING * * *
The sixfirhy barely misses you. You block the sixfirhy's attack.
The sixfirhy misses you. You furiously retaliate!
You headbutt the sixfirhy! The small abomination hits you!
* * * LOW HITPOINT WARNING * * *
The sixfirhy hits you.
* * * LOW HITPOINT WARNING * * *
The sixfirhy shocks you!
You die...

.....#.≈≈≈≈#.≈≈≈≈ .≈§
......#.. ≈#≈≈♣.≈..≈≈#§
#......###≈..≈.≈..≈≈≈.≈
##......##≈≈≈≈.≈#≈≈≈. .≈
.........#≈≈≈≈≈≈≈≈≈≈≈≈≈≈
........#x♣≈≈≈≈≈≈ ≈≈≈≈≈#
.......##x≈≈≈≈≈≈≈≈≈ ##
.......#.#≈≈≈≈≈≈≈≈≈ ≈
.......@3...###≈≈♣§≈
............≈≈#≈≈≈.#
#.####.#.#...#.##..
#...#.....# ##....##...
#.... ### ##... ###


You could see a sixfirhy and 2 small abominations.

Vanquished Creatures
  Snorg (D:11)
  3 two-headed ogres
  A thrashing horror (Abyss:2)
  Nergalle (D:11)
  Pikel (D:5)
  A centaur zombie (D:11)
  An apocalypse crab (Abyss:1)
  3 starcursed masses (Abyss:1)
  2 trolls (D:11)
  A hornet (D:7)
  Grinder (D:4)
  A large abomination (Abyss:1)
  A meliai zombie (D:11)
  3 flying skulls (Abyss:1)
  A wyvern (D:8)
  Eustachio (D:5)
  Sigmund (D:6)
  20 yaks
  A wraith (D:10)
  A vampire (D:9)
  A neqoxec (Abyss:1)
  Menkaure (D:4)
  Edmund (D:6)
  3 small abominations (Abyss:1)
  2 water moccasins (D:7)
  A hell hound (Abyss:1)
  An acid dragon (D:9)
  Duvessa (D:5)
  4 orc warriors
  Pargi (Sewer)
  A sky beast (D:8)
  A centaur (D:6)
  3 bullfrogs
  2 scorpions (D:5)
  Dowan (D:5)
  4 wights
  A vampire bat (D:5)
  A howler monkey (D:5)
  3 hounds
  10 orc priests
  A bullfrog skeleton (D:4)
  Crazy Yiuf (D:6)
  2 gnoll shamans
  An iron imp (Abyss:1)
  5 iguanas
  2 centaur skeletons
  4 orc wizards
  A scorpion zombie (D:5)
  3 hound skeletons
  Robin (D:4)
  14 gnolls
  A howler monkey skeleton (D:7)
  2 river rats (D:3)
  9 adders
  A shadow imp (D:3)
  An ufetubus (Abyss:1)
  An adder skeleton (D:4)
  3 dart slugs
  6 fire bats
  24 orcs
  2 spectral bats (D:5)
  11 ball pythons
  3 bat skeletons (D:5)
  A bat zombie (D:5)
  5 endoplasms
  4 giant cockroaches
  11 goblins
  13 hobgoblins
  2 quokkas
  12 bats
  A bat simulacrum (D:5)
  8 frilled lizards
  5 kobolds
  A quokka skeleton (D:4)
  9 rats
260 creatures vanquished.

Vanquished Creatures (collateral kills)
  A boulder beetle (D:11)
  A two-headed ogre (D:10)
  A large abomination (Abyss:1)
  A wyvern (D:10)
  4 yaks (D:9)
  A fire bat (Abyss:1)
  An ice beast (D:7)
  2 starcursed masses (Abyss:1)
  A centaur (D:8)
  A centaur zombie (D:8)
  An orc priest (D:7)
  3 orc wizards
  2 gnolls (D:8)
  A white imp (Abyss:1)
  5 orcs
26 creatures vanquished.

Vanquished Creatures (others)
  9 battlemagi
  3 starspawn tentacles (Abyss:1)
12 creatures vanquished.

Grand Total: 298 creatures vanquished

Notes
Turn   | Place    | Note
-------+----------+-------------------------------------------
     0 | D:1      | issech the Minotaur Monk began the quest for the Orb.
     0 | D:1      | Reached XP level 1. HP: 19/19 MP: 0/0
   252 | D:1      | Reached XP level 2. HP: 27/27 MP: 1/1
  1041 | D:1      | Reached XP level 3. HP: 32/33 MP: 2/2
  1580 | D:2      | Found a faded altar of an unknown god.
  1622 | D:2      | Reached skill level 1 in Armour
  2085 | D:3      | Reached XP level 4. HP: 35/41 MP: 3/3
  2090 | D:3      | Found a glowing drain.
  2107 | Sewer    | Entered a sewer
  2218 | Sewer    | Noticed Pargi
  2230 | Sewer    | Killed Pargi
  2231 | Sewer    | Reached skill level 1 in Maces & Flails
  2231 | Sewer    | Reached XP level 5. HP: 38/47 MP: 4/4
  3177 | D:4      | Noticed Menkaure
  3246 | D:3      | Reached skill level 5 in Fighting
  3246 | D:3      | Reached XP level 6. HP: 36/56 MP: 5/5
  3401 | D:4      | Reached skill level 2 in Maces & Flails
  3521 | D:4      | Killed Menkaure
  3522 | D:4      | Reached skill level 3 in Maces & Flails
  3522 | D:4      | Reached skill level 5 in Dodging
  3522 | D:4      | Reached XP level 7. HP: 3/61 MP: 6/6
  3674 | D:4      | Noticed Robin
  3681 | D:4      | Reached skill level 1 in Throwing
  3686 | D:4      | Killed Robin
  3930 | D:4      | Noticed Grinder
  3933 | D:4      | Paralysed by Grinder for 6 turns
  3948 | D:4      | Paralysed by Grinder for 7 turns
  3977 | D:3      | Reached skill level 4 in Maces & Flails
  4004 | D:4      | Killed Grinder
  4005 | D:4      | Reached skill level 1 in Shields
  4079 | D:5      | Entered Level 5 of the Dungeon
  4303 | D:5      | Reached skill level 5 in Maces & Flails
  4375 | D:5      | Reached XP level 8. HP: 71/71 MP: 7/7
  4666 | D:5      | Noticed Pikel
  4680 | D:5      | Killed Pikel
  4681 | D:5      | Reached skill level 6 in Maces & Flails
  4713 | D:5      | Reached skill level 7 in Maces & Flails
  4747 | D:5      | Noticed Duvessa
  4751 | D:5      | Noticed Dowan
  4757 | D:5      | Killed Duvessa
  4763 | D:5      | Killed Dowan
  5374 | D:6      | Noticed Sigmund
  5423 | D:5      | Reached XP level 9. HP: 56/71 MP: 8/8
  5444 | D:6      | Noticed Eustachio
  5463 | D:5      | Killed Eustachio
  5464 | D:5      | Reached skill level 8 in Maces & Flails
  5525 | D:6      | Killed Sigmund
  6010 | D:6      | Noticed Edmund
  6026 | D:6      | Killed Edmund
  6114 | D:6      | Found a runed translucent door.
  6115 | D:6      | Noticed Crazy Yiuf
  6122 | D:6      | Killed Crazy Yiuf
  6443 | D:7      | Reached skill level 9 in Maces & Flails
  6532 | D:7      | Found a staircase to the Ecumenical Temple.
  6546 | Temple   | Entered the Ecumenical Temple
  6616 | Temple   | Became a worshipper of Hepliaklqana the Forgotten
  6616 | Temple   | Reached * piety under Hepliaklqana
  6616 | Temple   | Reached ** piety under Hepliaklqana
  6617 | Temple   | Remembered your ancestor Eadburga as a battlemage
  7388 | D:8      | Found Walozye Xual's Self-Improvement Boutique.
  7430 | D:8      | Reached XP level 10. HP: 79/79 MP: 9/9
  7444 | D:8      | Reached skill level 10 in Maces & Flails
  7491 | D:8      | Reached skill level 5 in Armour
  7530 | D:8      | Reached skill level 5 in Shields
  7998 | D:9      | Reached *** piety under Hepliaklqana
  8009 | D:9      | Found a staircase to the Lair.
  8057 | D:9      | Reached skill level 11 in Maces & Flails
  8152 | D:9      | Reached skill level 12 in Maces & Flails
  8230 | D:9      | Reached XP level 11. HP: 85/85 MP: 10/10
  8234 | D:9      | Reached skill level 5 in Stealth
  8440 | D:9      | Found a shimmering altar of Xom.
  8497 | D:9      | Noticed a two-headed ogre
  8504 | D:9      | Killed a two-headed ogre
  8757 | D:10     | Entered Level 10 of the Dungeon
  8939 | D:10     | Found a transporter.
  8944 | D:10     | Found a transporter.
  8945 | D:10     | Noticed Valamore's ghost (journeyman GrEE)
  8960 | D:10     | Noticed a two-headed ogre
  8962 | D:10     | Found Nesaob's Weapon Boutique.
  8969 | D:10     | Killed a two-headed ogre
  9197 | D:10     | Noticed a two-headed ogre
  9204 | D:10     | Killed a two-headed ogre
  9205 | D:10     | Reached skill level 13 in Maces & Flails
  9777 | D:11     | Reached **** piety under Hepliaklqana
 10000 | D:11     | Noticed a boulder beetle
 10023 | D:11     | Killed a boulder beetle
 10236 | D:11     | Noticed Snorg
 10253 | D:11     | Killed Snorg
 10363 | D:11     | Noticed Nergalle
 10378 | D:11     | Killed Nergalle
 10425 | D:11     | Noticed a two-headed ogre
 10434 | D:11     | Killed a two-headed ogre
 10435 | D:11     | Reached skill level 14 in Maces & Flails
 10455 | D:11     | Noticed Sonja
 10587 | D:11     | Cast into level 1 of the Abyss (Sonja)
 10648 | Abyss:1  | Noticed a naga warrior
 10653 | Abyss:1  | Noticed a naga warrior
 10653 | Abyss:1  | Noticed a mana viper
 10663 | Abyss:1  | Noticed a mana viper
 10663 | Abyss:1  | Noticed a mana viper
 10663 | Abyss:1  | Noticed a naga warrior
 10819 | Abyss:1  | Noticed a starcursed mass
 10861 | Abyss:1  | Killed a starcursed mass
 10885 | Abyss:1  | Noticed a rakshasa
 10940 | Abyss:1  | Killed a starcursed mass
 11047 | Abyss:1  | Noticed a tentacled starspawn
 11074 | Abyss:1  | Noticed a large abomination
 11118 | Abyss:1  | Noticed a lich
 11123 | Abyss:1  | Noticed a starcursed mass
 11131 | Abyss:1  | Noticed a tentacled starspawn
 11131 | Abyss:1  | Paralysed by accursed screaming for 1 turns
 11134 | Abyss:1  | Noticed a lich
 11170 | Abyss:2  | Noticed a thrashing horror
 11193 | Abyss:2  | Killed a thrashing horror
 11212 | Abyss:2  | Noticed a sixfirhy
 11216 | Abyss:2  | Slain by a sixfirhy

Illustrated notes

Levels and vault maps discovered:
D:1:      scummos_arrival_simple_crosswalls, layout_basic
D:2:      layout_loops_corners, ebering_ecumenical_altar_hall
D:3:      layout_loops_cross, cheibrodos_sewer_entry_sluice,
          amcnicky_mini_rare_corridor_liquid
D:4:      layout_rooms, uniq_menkaure, uniq_robin, uniq_grinder
D:5:      layout_basic, goddamned_bats, uniq_duvessa, uniq_pikel
D:6:      layout_rooms, grunt_ministairs_3, chequers_serial_rivers_marsh,
          uniq_eustachio, uniq_crazy_yiuf_cottage, uniq_sigmund, uniq_edmund
D:7:      layout_basic, minmay_temple_entry_sparse_star
D:8:      layout_gridville, nicolae_shop_self_help
D:9:      layout_cave_pools, mainiacjoe_overflow_alcove_2, lair_entry_dummy
D:10:     layout_basic, serial_shops, shop, gammafunk_ghost_hive
D:11:     layout_loops_corners, minmay_orc_entry_temple_small,
          serial_co_window_serial, co_window_of_opportunity_a,
          co_window_cross_1, co_window_paths_a, co_window_corner_a,
          co_window_paths_a, co_window_paths_a, co_window_of_opportunity_b,
          co_window_paths_c, co_window_2corner, co_window_corner_b,
          glass_columns_b, st_stairs_14, uniq_snorg, uniq_sonja, uniq_nergalle
Temple:   mainiacjoe_temple_archimedes_tessellation
Abyss:2:  base:
D:9

Skill      XL: |  1  2  3  4  5  6  7  8  9 10 11 |
---------------+----------------------------------+-----
Axes           | 4 |  4.9
Fighting       | 4 5 6 7 8 9 |  9.8
Armour         | 1 2 3 4 5 |  5.8
Dodging        | 4 5 6 7 8 9 |  9.6
Maces & Flails | 1 3 5 7 9 12 14 | 14.0
Stealth        | 2 3 4 5 |  5.6
Throwing       | 1 |  1.7
Shields        | 1 2 4 5 6 |  6.6

Action                   |  1- 3 |  4- 6 |  7- 9 | 10-12 || total
-------------------------+-------+-------+-------+-------++-------
Melee: Hand axe          |    49 |       |       |       ||    49
       Headbutt          |    13 |    17 |    68 |    85 ||   183
       Mace              |    18 |   107 |   223 |       ||   348
       Punch             |       |     1 |       |       ||     1
       Flail             |       |       |    73 |   320 ||   393
Throw: Stone             |       |     3 |    16 |     4 ||    23
       Boomerang         |       |       |       |    18 ||    18
Invok: Ancestor Life: Ba |       |       |     1 |       ||     1
       Recall Ancestor   |       |       |       |     2 ||     2
  Use: Scroll            |     1 |       |     5 |     1 ||     7
       Potion            |       |       |       |     3 ||     3
 Stab: Sleeping          |       |     1 |     9 |     2 ||    12
       Distracted        |       |       |     1 |     2 ||     3
Armor: Robe              |     6 |       |       |       ||     6
       Leather armour    |     4 |       |       |       ||     4
       Scale mail        |     7 |    25 |       |       ||    32
       Troll leather arm |       |    15 |   113 |    72 ||   200
Dodge: Dodged            |    45 |    97 |   212 |   228 ||   582
Block: Buckler           |       |    16 |    87 |    92 ||   195
